 Dungeon Crawl Stone Soup version 0.28.0-45-g0d030f2227 (webtiles) character file.

Game seed: 2920757127043482626

5 ImHallYall the Magician (level 1, -2/15 HPs)
             Began as a Djinni Venom Mage on Apr 7, 2022.
             Slain by a kobold
             ... wielding a +1 vampiric short sword
              (5 damage)
             ... on level 1 of the Dungeon.
             The game lasted 00:01:37 (390 turns).

ImHallYall the Magician (Djinni Venom Mage)          Turns: 390, Time: 00:01:38

Health: -2/15      AC:  2    Str:  7    XL:     1   Next: 88%
Gold:   21         EV: 12    Int: 16    God:
                   SH:  0    Dex: 13

rFire   + + .      SeeInvis .   (no weapon)
rCold   x . .      Faith    .   (no shield)
rNeg    . . .      Spirit   .   a - +0 robe
rPois   ∞          Reflect  .   (no helmet)
rElec   .          Harm     .   (no cloak)
rCorr   .          Rampage  .   (no gloves)
Will    .....                   (boots unavailable)
Stlth   ++........              (no amulet)
HPRegen 0.05/turn               (no ring)
MPRegen 0.00/turn               (no ring)

@: flying
A: sickness immunity, fire resistance 2, cold vulnerability 1, float, innate
caster, HP casting, extra vitality 1
a: no special abilities


You were on level 1 of the Dungeon.
You visited 1 branch of the dungeon, and saw 1 of its levels.

You collected 21 gold pieces.

Inventory:

Armour
 a - a +0 robe (worn)
 b - a +0 robe
Scrolls
 c - a scroll of identify {unknown}
 e - a scroll of magic mapping {unknown}
Potions
 d - a potion of mutation {unknown}


   Skills:
 + Level 2.3 Dodging
 + Level 1.6 Stealth
 + Level 2.6 Spellcasting


You couldn't memorise any spells.
You knew the following spells:

 Your Spells              Type           Power      Damage    Failure   Level
a - Sting                 Tmut/Pois      40%        1d5       7%          1
b - Poisonous Vapours     Pois/Air       20%        N/A       10%         2
c - Mephitic Cloud        Conj/Pois/Air  10%        N/A       21%         3
d - Olgreb's Toxic Radia  Pois           10%        N/A       54%         4
Your spell library was empty.

Dungeon Overview and Level Annotations

Branches:
Dungeon (1/15)

Altars:


Innate Abilities, Weirdness & Mutations

You are immune to sickness and miasma.
You are immune to poison.
Your flesh is very heat resistant. (rF++)
You are vulnerable to cold. (rC-)
You float through the air rather than walking.
You learn spells naturally, not from books.
Your magical power is your life essence.
You have superior vitality. (+4 MHP)


Message History

Aim: a hobgoblin (71% to hit)
The sting hits the hobgoblin.
The hobgoblin is poisoned.
The hobgoblin is heavily wounded.
The bat completely misses you. The goblin closely misses you.
The hobgoblin completely misses you.
The hobgoblin hits you but does no damage.
Casting: Sting (safe; 7% risk of failure)
Confirm with . or Enter, or press ? or * to list all spells.
Aiming: Sting (safe; 7% risk of failure)
Press: ? - help, Shift-Dir - straight line, f/p - hobgoblin
Aim: a hobgoblin (almost dead, poisoned, 71% to hit)
The sting hits the hobgoblin but does no damage.
The hobgoblin looks even sicker.
The hobgoblin is almost dead.
You kill the hobgoblin!
The bat closely misses you. The bat hits you. The goblin closely misses you.
The bat hits you but does no damage. The hobgoblin misses you.
Casting: Sting (safe; 7% risk of failure)
Confirm with . or Enter, or press ? or * to list all spells.
Aiming: Sting (safe; 7% risk of failure)
Press: ? - help, Shift-Dir - straight line, f - hobgoblin
Aim: a hobgoblin (71% to hit)
The sting hits the hobgoblin.
The hobgoblin is poisoned.
The hobgoblin is moderately wounded.
The bat hits you but does no damage. The kobold barely misses you.
The goblin hits you but does no damage. The hobgoblin closely misses you.
The kobold closely misses you.
A goblin opens the door.
The bat barely misses you. The bat misses you. The kobold barely misses you.
The bat hits you but does no damage. The bat hits you.
The kobold barely misses you.
You closely miss the bat. The bat hits you. The bat barely misses you.
The kobold barely misses you.
You kill the hobgoblin!
The bat closely misses you. The bat hits you but does no damage.
The bat misses you. The goblin hits you with a +0 club.
* * * LOW HITPOINT WARNING * * *
The kobold hits you with a +1 vampiric short sword.
You die...

######### #.......#
#.......# #.......#
#.......#
#....b..### ###
#.......#.# #.#
#.@K....#.#######.#
#..g....'.....#....
#.......#.###.#.#.#
#.......'.# #.#...#
#........## #g#.###
########.# #.#.#
#... #...#
##..##8.8# ####..##


You could see a goblin, a bat and a kobold.

Vanquished Creatures
  A dart slug (D:1)
  2 hobgoblins (D:1)
3 creatures vanquished.

Notes
Turn   | Place    | Note
-------+----------+-------------------------------------------
     0 | D:1      | ImHallYall the Djinni Venom Mage began the quest for the
                  | Orb.
     0 | D:1      | Reached XP level 1. HP: 15/15 MP: 0/0
   390 | D:1      | Slain by a kobold

Illustrated notes

Levels and vault maps discovered:
D:1:      minmay_arrival_semitransparent, layout_basic,
          shapermc_ecumenical_altar_petra, minmay_pentomino_q2

Action                   || total
-------------------------++-------
Melee: Unarmed           ||     3
 Cast: Sting             ||     6
Armor: Robe              ||    17
Dodge: Dodged            ||    33
